 Dungeon Crawl Stone Soup version 0.27-a0-808-g60bc5d92e6 (webtiles) character file.

Game seed: 669686093219245595

148 funkygono the Magician (level 5, 0/35 HPs)
             Began as a Djinni Fire Elementalist on Mar 28, 2021.
             Slain by Terence
             ... wielding a +0 morningstar
              (1 damage)
             ... on level 2 of the Dungeon.
             The game lasted 00:05:32 (2591 turns).

funkygono the Magician (Djinni Fire Elementalist)   Turns: 2591, Time: 00:05:33

Health: 0/35       AC:  4    Str:  7    XL:     5   Next: 30%
Gold:   46         EV: 12    Int: 18    God:
                   SH:  0    Dex: 13

rFire    + + .     SeeInvis .   h - +3 dagger
rCold    x . .     Faith    .   (no shield)
rNeg     . . .     Spirit   .   a - +0 robe
rPois    ∞         Reflect  .   k - +0 helmet
rElec    .         Harm     .   (no cloak)
rCorr    .         Rampage  .   e - +0 pair of gloves
Will     .....                  (boots unavailable)
Stlth    ++........             (no amulet)
HPRegen  0.11/turn              (no ring)
MPRegen  0.00/turn              (no ring)

@: flying
A: fire resistance 2, cold vulnerability 1, float, innate caster, hp casting,
extra vitality 1
a: no special abilities


You were on level 2 of the Dungeon.
You visited 1 branch of the dungeon, and saw 3 of its levels.

You collected 46 gold pieces.

Inventory:

Hand Weapons
 c - a +2 whip of electrocution
 f - a +1 dagger
 h - a +3 dagger (weapon)
Armour
 a - a +0 robe (worn)
 e - a +0 pair of gloves (worn)
 k - a +0 helmet (worn)
Scrolls
 d - a scroll of magic mapping
 g - a scroll of teleportation
Potions
 b - a potion of curing
 i - a potion of ambrosia
 j - a potion of haste {unknown}


   Skills:
 * Level 1.3 Armour
 * Level 2.8 Dodging
 - Level 1.5 Stealth
 * Level 4.5 Spellcasting


You couldn't memorise any spells.
You knew the following spells:

 Your Spells              Type           Power      Damage    Failure   Level
a - Foxfire               Conj/Fire      80%        2x1d8     2%          1
b - Conjure Flame         Conj/Fire      20%        6-21      6%          3
c - Inner Flame           Hex/Fire       20%        N/A       6%          3
d - Sticky Flame          Conj/Fire      20%        2d4       22%         4
e - Fireball              Conj/Fire      10%        3d6       52%         5
f - Summon Small Mammal   Summ           80%        N/A       2%          1
g - Ensorcelled Hibernat  Hex/Ice        40%        N/A       3%          2
Your spell library was empty.

Dungeon Overview and Level Annotations

Branches:
Dungeon (3/15)

Altars:
Uskayaw

Annotations:
D:3 Terence


Innate Abilities, Weirdness & Mutations

You are immune to poison.
Your flesh is very heat resistant. (rF++)
You are vulnerable to cold. (rC-)
You float through the air rather than walking.
You learn spells naturally, not from books.
Your magical power is your life essence.
You have superior vitality. (+4 HP)


Message History

You conjure some foxfire!
Unknown command.
You hear a shout!
There is a stone staircase leading up here.
Casting: Foxfire (safe; 2% risk of failure)
Confirm with . or Enter, or press ? or * to list all spells.
You conjure some foxfire!
The goblin hits the bush but does no damage.
Casting: Foxfire (safe; 2% risk of failure)
Confirm with . or Enter, or press ? or * to list all spells.
You conjure some foxfire!
The goblin hits the bush but does no damage.
Unknown command.
Casting: Foxfire (safe; 2% risk of failure)
Confirm with . or Enter, or press ? or * to list all spells.
You conjure some foxfire!
The goblin hits the bush with a +0 dagger.
Unknown command.
Deactivating autopickup; reactivate with Ctrl-A.
You hit something.
The goblin hits the bush but does no damage.
Something hits you.
You barely miss something.
The goblin hits the bush but does no damage.
Something barely misses you.
You miss something. Something hits you.
You closely miss something. Something hits you!
You closely miss something. Something hits you.
There is a stone staircase leading up here.
Something hits you!
* * * LOW HITPOINT WARNING * * *
You fly upwards.
Reactivating autopickup.
There is a stone staircase leading down here.
Casting: Foxfire (safe; 2% risk of failure)
Confirm with . or Enter, or press ? or * to list all spells.
You conjure some foxfire!
* * * LOW HITPOINT WARNING * * *
Something hits you.
You die...

### #######.## #####...##.#.##
### .....†......#.######### #..
#####...[#............# #.#
##.#.##.####.####.###### #.#
####.#.#### #v..>...<....# #.#
#....#.# #.@####.####.# #.#
#.####.######..v.......#.####.#
###......[))>..............)....#
.........######...###.#..#.######
###..##### ####...###.#......##..
#..# ###......##..#......##..
#..# #......#.##:##..........
#..# #.#.##.#.##.##......##..
#..# #.#.##.#................


There were no monsters in sight!

Vanquished Creatures
  An iguana (D:2)
  Robin (D:2)
  An adder (D:2)
  4 gnolls (D:2)
  A dart slug (D:1)
  2 ball pythons (D:1)
  2 bats
  4 endoplasms (D:1)
  A giant cockroach (D:1)
  6 goblins
  4 hobgoblins
  10 jackals
  3 quokkas (D:2)
  4 frilled lizards
  3 kobolds
  2 rats (D:2)
49 creatures vanquished.

Vanquished Creatures (collateral kills)
  A gnoll (D:2)
  A ball python (D:2)
  12 foxfires (D:3)
14 creatures vanquished.

Vanquished Creatures (others)
  A gnoll (D:2)
  134 foxfires
135 creatures vanquished.

Grand Total: 198 creatures vanquished

Notes
Turn   | Place    | Note
-------+----------+-------------------------------------------
     0 | D:1      | funkygono the Djinni Fire Elementalist began the quest for
                  | the Orb.
     0 | D:1      | Reached XP level 1. HP: 15/15 MP: 0/0
    43 | D:1      | Reached skill level 3 in Spellcasting
    43 | D:1      | Reached XP level 2. HP: 10/21 MP: 0/0
   579 | D:1      | Reached XP level 3. HP: 22/25 MP: 0/0
   579 | D:1      | Learned a level 1 spell: Summon Small Mammal
  1033 | D:2      | Reached skill level 1 in Armour
  1200 | D:2      | Reached XP level 4. HP: 24/31 MP: 0/0
  1278 | D:2      | Reached skill level 4 in Spellcasting
  1334 | D:2      | Noticed a +0 falchion
  1335 | D:2      | Noticed a +0 dagger
  1335 | D:2      | Noticed a +0 short sword
  1335 | D:2      | Noticed a +0 falchion
  1336 | D:2      | Noticed a +0 dagger
  1336 | D:2      | Noticed a +0 spear
  1336 | D:2      | Noticed a +0 spear
  1338 | D:2      | Noticed a +0 short sword
  1348 | D:2      | Found a hide-covered altar of Uskayaw.
  1950 | D:3      | Noticed Terence
  1974 | D:2      | Reached XP level 5. HP: 7/35 MP: 0/0
  1974 | D:2      | Learned a level 2 spell: Ensorcelled Hibernation
  2256 | D:3      | Noticed Robin
  2274 | D:2      | Killed Robin
  2591 | D:2      | Slain by Terence

Illustrated notes

Levels and vault maps discovered:
D:1:      minmay_arrival_cross, layout_rooms
D:2:      layout_loops_ring, nicolae_uskayaw_en_pointe,
          chequers_serial_rivers_micro_e, lemuel_old_faithful
D:3:      layout_basic, minmay_overflow_temple_hex, minmay_hedge_maze,
          uniq_robin, uniq_terence, uniq_jessica, uniq_ijyb

Skill      XL: |  1  2  3  4 |
---------------+-------------+-----
Spellcasting   | 3 4 |  4.5
Armour         | 1 |  1.3
Dodging        | |  2.8
Stealth        | |  1.5

Action                   |  1- 3 |  4- 6 || total
-------------------------+-------+-------++-------
Melee: Whip              |       |     8 ||     8
       Dagger            |       |     5 ||     5
 Cast: Foxfire           |    48 |    37 ||    85
       Summon Small Mamm |     6 |     9 ||    15
  Use: Scroll            |     5 |     3 ||     8
Armor: Robe              |     4 |     3 ||     7
Dodge: Dodged            |     9 |    21 ||    30

Table legend: (Time is in decaauts)
 A = Elapsed time spent in this place.
 B = Non-inter-level travel time spent in this place.
 C = Inter-level travel time spent in this place.
 D = Time resting spent in this place.
 E = Time spent auto-exploring this place.
 F = Levels seen in this place.
 G = Mean time per level.
                   A        B        C        D        E       F      G
               +--------+--------+--------+--------+--------+-----+--------+
         Total |   2592 |   2566 |     26 |    523 |   1671 |   3 |  864.0 |
       Dungeon |   2592 |   2566 |     26 |    523 |   1671 |   3 |  864.0 |
               +--------+--------+--------+--------+--------+-----+--------+

Top non-repeatable levels by time:
     D:2: 1720 daAuts
     D:1: 845 daAuts
     D:3: 26 daAuts
